 Dungeon Crawl Stone Soup version 0.20.1-1-g8b1a95d (webtiles) character file.

389 Andry07 the Fighter (level 6, 0/44 HPs)
             Began as a Gargoyle Fighter on Oct 4, 2017.
             Slain by a two-headed ogre
             ... wielding a +0 giant spiked club
              (11 damage)
             ... on level 4 of the Dungeon.
             The game lasted 00:04:06 (3497 turns).

Andry07 the Fighter (Gargoyle Fighter)              Turns: 3497, Time: 00:04:06

Health: 0/44       AC: 19    Str: 22    XL:     6   Next: 79%
Magic:  6/6        EV:  4    Int:  8    God:
Gold:   179        SH:  9    Dex:  9    Spells: 5/5 levels left

rFire    . . .     SeeInvis .   a - +0 flail
rCold    . . .     Gourm    .   c - +0 shield
rNeg     + . .     Faith    .   s - +0 plate armour
rPois    ∞         Spirit   .   (no helmet)
rElec    +         Reflect  .   (no cloak)
rCorr    .         Harm     .   (no gloves)
MR       .....                  t - +2 pair of boots
Stlth    ..........             (no amulet)
Regen    0.2/turn               (no ring)
MPRegen  0.1/turn               (no ring)

@: no status effects
A: negative energy resistance 1, electricity resistance, unbreathing,
petrification resistance, rot immunity, AC +4
a: no special abilities


You were on level 4 of the Dungeon.
You were very hungry.

You visited 1 branch of the dungeon, and saw 4 of its levels.

You collected 179 gold pieces.

Inventory:

Hand Weapons
 a - a +0 flail (weapon)
Armour
 c - a +0 shield (worn)
 s - a +0 plate armour (worn)
 t - a +2 pair of boots (worn)
Jewellery
 e - an uncursed ring of protection from cold {unknown}
 l - an uncursed ring of poison resistance {unknown}
Scrolls
 b - a scroll of enchant armour {unknown}
 h - 2 scrolls of enchant weapon {unknown}
 j - 2 scrolls of recharging {unknown}
 k - 2 scrolls of teleportation {unknown}
 m - 3 scrolls of random uselessness {unknown}
 n - a scroll of remove curse {unknown}
 o - 4 scrolls of identify {unknown}
Potions
 d - a potion of might
 g - a potion of mutation {unknown}
 q - 6 potions of curing {unknown}
Comestibles
 f - 5 bread rations
 i - a fruit
 p - 2 meat rations


   Skills:
 + Level 8.1 Fighting
 - Level 2.0 Maces & Flails
 - Level 3.2 Armour
 - Level 3.2 Shields


You had 5 spell levels left.
You didn't know any spells.

Dungeon Overview and Level Annotations

Branches:
Dungeon (4/15)
 Temple: D:4-7

Altars:
Ashenzari
Fedhas
Trog
Uskayaw

Annotations:
D:2 exclusion: oklob plant


Innate Abilities, Weirdness & Mutations

You are resistant to torment.
Your stone body is resilient. (AC +4)
You are immune to poison.
You resist negative energy. (rN+)
You are resistant to electric shocks. (rElec)
You can survive without breathing.
You are immune to petrification.
You are immune to rotting.


Message History

The two-headed ogre is lightly wounded.
The two-headed ogre hits you but does no damage. x2
You sock the two-headed ogre!
The two-headed ogre is moderately wounded.
The two-headed ogre hits you with a giant spiked club!!
The two-headed ogre hits you but does no damage.
You hit the two-headed ogre.
The two-headed ogre is moderately wounded.
The two-headed ogre hits you with a giant spiked club.
The two-headed ogre barely misses you.
You thump the two-headed ogre!
The two-headed ogre is heavily wounded.
The two-headed ogre hits you with a giant spiked club.
* * * LOW HITPOINT WARNING * * *
You block the two-headed ogre's attack.
Your shield and plate armour prevent you from hitting the two-headed ogre.
The two-headed ogre is heavily wounded.
You block the two-headed ogre's attack.
The two-headed ogre hits you with a giant club!
You die...

..#.# #......# ..#.#
##.....## ....# #.......#
##### #.......# ## .##
#.......# ... ..##
##.....## ..# ...##
##....## ##...##
....####....#######.......
....+...........@O........
....####....#######.......
...## ##...# ##..... ..##
##.## ..## .## #.# ## ##
#.# # #.# # #.# ## #.#


You could see a two-headed ogre.

Vanquished Creatures
  An ogre (D:4)
  A phantom (D:3)
  An orc priest (D:4)
  6 adders
  2 oozes
  2 worms (D:2)
  5 dart slugs
  3 leopard geckos
  6 orcs
  2 ball pythons (D:1)
  10 bats
  2 giant cockroaches
  12 goblins
  13 hobgoblins
  4 jackals (D:1)
  2 quokkas (D:2)
  9 frilled lizards
  7 kobolds
  14 rats
  A toadstool (D:2)
103 creatures vanquished.

Vanquished Creatures (others)
  15 toadstools (D:2)
15 creatures vanquished.

Grand Total: 118 creatures vanquished

Notes
Turn   | Place    | Note
-------+----------+-------------------------------------------
     0 | D:1      | Andry07 the Gargoyle Fighter began the quest for the Orb.
     0 | D:1      | Reached XP level 1. HP: 14/14 MP: 1/1
    94 | D:1      | Reached XP level 2. HP: 18/20 MP: 2/2
   191 | D:1      | Reached skill level 4 in Fighting
   475 | D:1      | Reached XP level 3. HP: 22/24 MP: 3/3
   833 | D:2      | Found a shattered altar of Ashenzari.
   836 | D:2      | Reached skill level 5 in Fighting
   997 | D:2      | Reached XP level 4. HP: 31/31 MP: 4/4
  1010 | D:2      | Found a blossoming altar of Fedhas.
  1040 | D:2      | Noticed an oklob plant
  1245 | D:2      | Found a hide-covered altar of Uskayaw.
  1940 | D:3      | Reached skill level 6 in Fighting
  2081 | D:3      | Reached XP level 5. HP: 36/36 MP: 5/5
  2473 | D:3      | Noticed a phantom
  2659 | D:3      | Killed a phantom
  2659 | D:3      | Reached skill level 7 in Fighting
  2659 | D:3      | Reached XP level 6. HP: 31/44 MP: 6/6
  2833 | D:4      | Found a bloodstained altar of Trog.
  3179 | D:4      | Reached skill level 8 in Fighting
  3483 | D:4      | Noticed a two-headed ogre
  3497 | D:4      | Slain by a two-headed ogre

Skill      XL: |  1  2  3  4  5  6 |
---------------+-------------------+-----
Fighting       | 4 5 6 7 8 |  8.1
Maces & Flails | |  2.0
Armour         | |  3.2
Shields        | |  3.2

Action                   |  1- 3 |  4- 6 || total
-------------------------+-------+-------++-------
Melee: Flail             |   138 |   323 ||   461
  Eat: Chunk             |     1 |     7 ||     8
Armor: Scale mail        |    85 |    70 ||   155
       Plate armour      |       |   138 ||   138
Dodge: Dodged            |    48 |    82 ||   130
Block: Shield            |    84 |   163 ||   247
